 Dungeon Crawl Stone Soup version 0.29.1-2-gbd0b4ee654 (webtiles) character file.

Game seed: 11311645462588745644

100 raph the Firebug (level 4, -4/33 HPs)
             Began as a Draconian Fire Elementalist on Nov 25, 2022.
             Slain by an orc priest
             ... wielding a +0 morningstar
              (5 damage)
             ... on level 3 of the Dungeon.
             The game lasted 00:03:22 (2812 turns).

raph the Firebug (Draconian Fire Elementalist)      Turns: 2812, Time: 00:03:23

Health: -4/33      AC:  6    Str: 10    XL:     4   Next: 46%
Magic:  7/7        EV: 12    Int: 17    God:
Gold:   54         SH:  0    Dex: 12    Spells: 1/7 levels left

rFire   . . .      SeeInvis .   b - +1 whip
rCold   . . .      Faith    .   (no shield)
rNeg    . . .      Spirit   .   (body armour unavailable)
rPois   .          Reflect  .   (helmet restricted)
rElec   .          Harm     .   (no cloak)
rCorr   .          Rampage  .   (no gloves)
Will    .....                   c - +0 pair of boots
Stlth   ++........              (no amulet)
HPRegen 0.11/turn               g - ring of wizardry
MPRegen 0.10/turn               (no ring)

@: very slightly contaminated
A: AC +5, unfitting armour, cold-blooded
a: no special abilities


You were on level 3 of the Dungeon.
You visited 1 branch of the dungeon, and saw 3 of its levels.

You collected 162 gold pieces.
You spent 108 gold pieces at shops.

Inventory:

Hand Weapons
 b - a +1 whip (weapon)
Armour
 c - a +0 pair of boots (worn)
Jewellery
 g - a ring of wizardry (left hand)
Potions
 a - a potion of magic
 d - a potion of curing {unknown}
 e - a potion of flight {unknown}
 f - a potion of might {unknown}
 h - a potion of heal wounds {unknown}


   Skills:
 - Level 1.7 Dodging
 - Level 1.7 Stealth
 - Level 2.0 Spellcasting
 - Level 1.0 Conjurations
 + Level 5.3 Fire Magic


You had one spell level left.
You knew the following spells:

 Your Spells              Type           Power      Damage    Failure   Level
a - Foxfire               Conj/Fire      48%        2x1d6     2%          1
b - Scorch                Fire           38%        2d7       1%          2
c - Conjure Flame         Conj/Fire      12%        6-21      6%          3

Your spell library contained the following spells:

 Spells                   Type           Power      Damage    Failure   Level
 Magic Dart               Conj           20%        1d4       5%          1
 Freeze                   Ice            4%         1d3       8%          1
 Inner Flame              Hex/Fire       10%        N/A       8%          3
 Call Imp                 Summ           1%         N/A       12%         2
 Mephitic Cloud           Conj/Pois/Air  2%         N/A       21%         3
 Flame Wave               Conj/Fire      12%        2d6       21%         4
 Frozen Ramparts          Ice            2%         1d1       22%         3
 Gell's Gravitas          Tloc           1%         N/A       22%         3
 Lesser Beckoning         Tloc           1%         N/A       22%         3
 Portal Projectile        Hex/Tloc       2%         N/A       22%         3
 Teleport Other           Tloc           1%         N/A       22%         3
 Tukima's Dance           Hex            1%         N/A       22%         3
 Hailstorm                Conj/Ice       3%         3d3       50%         4
 Blade Hands              Tmut           0%         N/A       88%         5


Dungeon Overview and Level Annotations

Branches:
Dungeon (3/15)

Altars:

Shops:
D:1 [   D:2 :

Annotations:
D:3 Robin


Innate Abilities, Weirdness & Mutations

Your plain brown scales are hard. (AC +5)
You cannot fit into any form of body armour.
You are cold-blooded and may be slowed by cold attacks.


Message History

The foxfire hits the hobgoblin.
The hobgoblin is heavily wounded.
Robin throws the goblin at you!
Casting: Foxfire (safe; 2% risk of failure)
Confirm with . or Enter, or press ? or * to list all spells.
You miscast Foxfire.
You are very lightly contaminated with residual magic.
Nothing appears to happen.
The foxfire hits the goblin.
You kill the goblin!
The foxfire hits the hobgoblin.
You kill the hobgoblin!
The orc priest mumbles some strange prayers to Beogh against you.
Pain shoots through your body! The hobgoblin hits you.
Magic courses through your body.
The orc priest mumbles some strange prayers to Beogh against you.
Pain shoots through your body! The hobgoblin misses you.
Casting: Foxfire (safe; 2% risk of failure)
Confirm with . or Enter, or press ? or * to list all spells.
You conjure some foxfire!
The hobgoblin hits you.
The foxfire hits the orc priest but does no damage.
The hobgoblin closely misses you.
Your foxfire dissipates!
The goblin hits you with a +0 dagger.
* * * LOW HITPOINT WARNING * * *
As you read the scroll labelled WAJ HIGREG, it crumbles to dust.
It is a scroll of enchant weapon.
Your +0 whip glows red for a moment.
The hobgoblin hits you but does no damage.
The goblin misses you.
Okay, then.
The orc priest attacks as you move away!
The orc priest hits you but does no damage.
Robin laughs in a distinctly smug fashion.
The hobgoblin hits you.
* * * LOW HITPOINT WARNING * * *
The hobgoblin attacks as you move away! The hobgoblin hits you.
* * * LOW HITPOINT WARNING * * *
The orc priest attacks as you move away!
The orc priest hits you with a +0 morningstar.
You die...

#..#.......#......##..#
#..#.#>##.............#
#....#.####........##.#
#.#..#.# ##.....#..#.#
#.#..(.###..)....##...#
#..#.......#...........
##.#....##.............
#.#.#..##..###.##.....
##..##@g#...###. #.....
.......gog...... .......
###....og)g..###........
#....ggK..## #....##..
#.....)))#...#.... ###
#......†......
#.............
#.......#......
#.......#......


You could see Robin, an orc priest, an orc, 4 hobgoblins, 2 goblins and a
kobold.

Vanquished Creatures
  4 adders
  2 worms (D:2)
  2 orcs (D:3)
  3 bats
  4 endoplasms (D:1)
  4 giant cockroaches
  8 goblins
  3 hobgoblins
  A quokka (D:1)
  4 ball pythons
  7 frilled lizards
  7 kobolds
  6 rats
55 creatures vanquished.

Vanquished Creatures (others)
  127 foxfires
127 creatures vanquished.

Grand Total: 182 creatures vanquished

Notes
Turn   | Place    | Note
-------+----------+-------------------------------------------
     0 | D:1      | raph the Draconian Fire Elementalist began the quest for
                  | the Orb.
     0 | D:1      | Reached XP level 1. HP: 14/14 MP: 3/3
   365 | D:1      | Reached XP level 2. HP: 20/20 MP: 1/5
   372 | D:1      | Learned a level 2 spell: Scorch
   483 | D:1      | Found Ishrauzy's Antique Armour Shop.
   859 | D:1      | Reached skill level 4 in Fire Magic
  1573 | D:2      | Reached XP level 3. HP: 23/26 MP: 4/6
  1823 | D:2      | Found Niazxau's Vocational Training.
  1853 | D:2      | Learned a level 3 spell: Conjure Flame
  2001 | D:2      | Found a faded altar of an unknown god.
  2458 | D:1      | Bought a pair of boots for 108 gold pieces
  2600 | D:3      | Reached skill level 5 in Fire Magic
  2600 | D:3      | Reached XP level 4. HP: 33/33 MP: 3/7
  2799 | D:3      | Noticed Robin
  2812 | D:3      | HP: 1/33 [hobgoblin[Robin] (2)]
  2812 | D:3      | Slain by an orc priest

Illustrated notes

Levels and vault maps discovered:
D:1:      wander_arrival_desolate, layout_basic, serial_shops, shop
D:2:      minmay_skewed_foursquare, layout_rooms,
          hellmonk_ecumenical_altar_pennies_from_heaven, nicolae_shop_vocational
D:3:      layout_rooms, grunt_temple_overflow_magic_moments, uniq_robin

Skill      XL: |  1  2  3 |
---------------+----------+-----
Fire Magic     | 4 5 |  5.3
Dodging        | |  1.7
Stealth        | |  1.7
Spellcasting   | |  2.0
Conjurations   | |  1.0

Action                   |  1- 3 |  4- 6 || total
-------------------------+-------+-------++-------
Melee: Whip              |     9 |       ||     9
 Cast: Foxfire           |    63 |    10 ||    73
       Scorch            |    14 |     2 ||    16
  Use: Scroll            |     3 |     1 ||     4
       Potion            |       |     1 ||     1
Armor: Skin              |     8 |     3 ||    11
Dodge: Dodged            |    13 |     4 ||    17
